[Event "Titled Tuesday Blitz March 14 Late 2023"]
[White "Kornyukov, Alexey"]
[Black "Friedel, Tom"]
[WhiteFideId "4150457"]
[BlackFideId "2002108"]
[WhiteElo "2352"]
[BlackElo "2275"]
[Result "1-0"]
[Round "07"]
[TimeControl "180+2"]
[Date "2023.03.14"]
[WhiteClock "0:00:12"]
[BlackClock "0:00:46"]

1. d4 d5 2. c4 e6 3. Nc3 Nf6 4. cxd5 exd5 5. Bg5 Be7 6. e3 O-O 7. Bd3 Nbd7 8. Nge2 Re8 9. Qc2 h6 10. Bh4 c6 11. O-O Ne4 12. Bxe7 Qxe7 13. Rae1 Ndf6 14. f3 Nxc3 15. Nxc3 c5 16. Qf2 Bd7 17. e4 dxe4 18. Nxe4 Nxe4 19. Bxe4 Qd6 20. dxc5 Qa6 21. Bd5 Bb5 22. Rxe8+ Rxe8 23. Re1 Qa4 24. Rxe8+ Bxe8 25. Qd2 Bc6 26. Bxc6 bxc6 27. a3 Qc4 28. b4 g6 29. Qe3 Kh7 30. h3 Qd5 31. Qe4 Qd1+ 32. Kh2 Qd7 33. Qe5 Qd2 34. Qd6 Kg7 35. Qxd2 1-0


[Site "https://www.chess.com"]

[Event "Titled Tuesday Blitz March 14 Late 2023"]
[White "Kowalysko, Roman"]
[Black "Chabris, Christopher"]
[WhiteFideId "30918510"]
[BlackFideId "2005263"]
[WhiteElo "2243"]
[BlackElo "2192"]
[Result "0-1"]
[Round "07"]
[TimeControl "180+2"]
[Date "2023.03.14"]
[WhiteClock "0:00:09"]
[BlackClock "0:00:57"]

1. e4 c5 2. Nf3 d6 3. d4 cxd4 4. Nxd4 Nf6 5. Nc3 a6 6. Bg5 e6 7. f4 h6 8. Bh4 Qb6 9. Qd3 Qxb2 10. Rb1 Qa3 11. Bxf6 gxf6 12. f5 Nc6 13. Nxc6 bxc6 14. Be2 h5 15. fxe6 Bxe6 16. O-O Be7 17. Kh1 Qa5 18. Qg3 Kf8 19. Rf3 h4 20. Qf4 Qe5 21. Qxe5 fxe5 22. Rb7 Rg8 23. Na4 h3 24. g3 Bg4 25. Rf2 Bxe2 26. Rxe2 Rg4 27. Nb6 Rd8 28. Nd7+ Kg7 29. Nb6 Bf6 30. Kg1 d5 31. Nd7 Rxe4 32. Rf2 Bg5 33. Nc5 Re1+ 34. Rf1 Be3+ 35. Kh1 Rxf1# 0-1


[Site "https://www.chess.com"]

[Event "Titled Tuesday Blitz March 14 Late 2023"]
[White "Ardila, Oscar Humberto"]
[Black "Curtis, John"]
[WhiteFideId "4404742"]
[BlackFideId "3200256"]
[WhiteElo "1911"]
[BlackElo "2203"]
[Result "0-1"]
[Round "07"]
[TimeControl "180+2"]
[Date "2023.03.14"]
[WhiteClock "0:00:07"]
[BlackClock "0:00:37"]

1. d4 Nf6 2. c4 e6 3. Nf3 d5 4. Bg5 Be7 5. e3 c6 6. Bd3 Nbd7 7. O-O h6 8. Bh4 dxc4 9. Bxc4 Ne4 10. Bxe7 Qxe7 11. Qc2 Nd6 12. Bd3 e5 13. dxe5 Nxe5 14. Nxe5 Qxe5 15. Nc3 Bf5 16. Rad1 Bxd3 17. Rxd3 O-O-O 18. Rfd1 f5 19. Qd2 Nf7 20. Qc2 Rxd3 21. Rxd3 Rd8 22. Qd2 Rxd3 23. Qxd3 Nd6 24. f4 Qe6 25. Qd4 g6 26. Kf2 b6 27. Qh8+ Kb7 28. Qxh6 Ne4+ 29. Nxe4 fxe4 30. Qg7+ Ka6 31. a3 b5 32. Qc3 Kb7 33. h3 Kb6 34. g4 c5 35. Kg3 a5 36. Qh8 b4 37. axb4 cxb4 38. Qb8+ Ka6 39. Qa8+ Kb5 40. Qd8 a4 41. Qd4 a3 42. bxa3 bxa3 43. Qc3 Ka4 44. Qc7 Kb3 45. Qb7+ Kc2 46. Qc7+ Kb2 47. Qb7+ Qb3 48. Qg7+ Qc3 49. Qb7+ Kc1 50. Qa6 Qxe3+ 51. Kh4 Kb2 52. Qb5+ Qb3 53. Qe2+ Qc2 54. Qb5+ Kc1 55. Qf1+ Kb2 56. Qb5+ Ka1 57. Kg5 e3 58. f5 gxf5 59. gxf5 e2 60. Qe5+ Qb2 61. Qe4 Qd2+ 62. Kg6 e1=Q 0-1


[Site "https://www.chess.com"]

[Event "Titled Tuesday Blitz March 14 Late 2023"]
[White "JackRodgers"]
[Black "Cramling Bellon, Anna"]
[BlackFideId "32009232"]
[WhiteElo "2489"]
[BlackElo "1972"]
[Result "1-0"]
[Round "07"]
[TimeControl "180+2"]
[Date "2023.03.14"]
[WhiteClock "0:00:05"]
[BlackClock "0:00:05"]

1. d4 Nf6 2. Bg5 d5 3. Bxf6 exf6 4. e3 c5 5. c3 Nc6 6. g3 Bf5 7. Bg2 Be6 8. Ne2 Bd6 9. Nd2 O-O 10. O-O cxd4 11. cxd4 Rc8 12. Nc3 Bb4 13. Rc1 Ne7 14. Qb3 Qa5 15. Ndb1 Rfd8 16. a3 Bd6 17. Nb5 Qb6 18. Nd2 Nf5 19. Nxd6 Qxb3 20. Nxb3 Nxd6 21. Nd2 b5 22. b3 a5 23. Rc5 Rxc5 24. dxc5 Ne4 25. Nxe4 dxe4 26. Bxe4 Bxb3 27. c6 Bc4 28. Bf5 Be6 29. Bxe6 fxe6 30. Rb1 Rc8 31. Rxb5 Rxc6 32. Rxa5 Rc1+ 33. Kg2 Kf7 34. h4 f5 35. Kf3 Kf6 36. Ra8 h6 37. a4 g5 38. h5 Rc2 39. Ra7 g4+ 40. Kg2 Ra2 41. Ra8 Kg5 42. Re8 Kxh5 43. Rxe6 Rxa4 44. Re5 Kg5 45. Rd5 Re4 46. Kh2 h5 47. Kg1 h4 48. gxh4+ Kxh4 49. Rxf5 Kh3 50. Rh5# 1-0


[Site "https://www.chess.com"]

[Event "Titled Tuesday Blitz March 14 Late 2023"]
[White "Gharamian, Tigran"]
[Black "Carbone, Diego"]
[WhiteFideId "13301527"]
[BlackFideId "3002179"]
[WhiteElo "2632"]
[BlackElo "2266"]
[Result "1/2-1/2"]
[Round "07"]
[TimeControl "180+2"]
[Date "2023.03.14"]
[WhiteClock "0:00:13"]
[BlackClock "0:00:25"]

1. d4 Nf6 2. c4 e6 3. Nf3 d5 4. Nc3 dxc4 5. e4 Bb4 6. Bxc4 Nxe4 7. O-O Nxc3 8. bxc3 Be7 9. Qe2 O-O 10. Ne5 Nd7 11. Rd1 Nf6 12. Rd3 a6 13. Rg3 b5 14. Bh6 g6 15. Nc6 Qe8 16. Nxe7+ Qxe7 17. Bd3 Bb7 18. Bxf8 Rxf8 19. a4 Nd5 20. Be4 Qd7 21. axb5 axb5 22. Rb1 Bc6 23. h4 Ra8 24. h5 Nf4 25. Qf3 Bxe4 26. Qxe4 Nd5 27. hxg6 hxg6 28. Rh3 Ra3 29. Qh4 Kf8 30. c4 Rxh3 31. Qxh3 bxc4 32. Rb8+ Ke7 33. Qh4+ Nf6 34. Qh8 Nd5 35. Qf8+ Kf6 36. Qh8+ Ke7 37. Qh4+ Nf6 38. Qh8 Nd5 1/2-1/2


[Site "https://www.chess.com"]

[Event "Titled Tuesday Blitz March 14 Late 2023"]
[White "Smith, Garrett L"]
[Black "Shapiro, Viktor"]
[WhiteFideId "2024829"]
[BlackFideId "4175700"]
[WhiteElo "2280"]
[BlackElo "2152"]
[Result "0-1"]
[Round "07"]
[TimeControl "180+2"]
[Date "2023.03.14"]
[WhiteClock "0:01:00"]
[BlackClock "0:01:23"]

1. e4 c5 2. a3 e6 3. b4 cxb4 4. axb4 Bxb4 5. Bb2 Nf6 6. e5 Nd5 7. c4 Ne7 8. Qg4 Nf5 9. Nf3 h5 10. Qf4 Nc6 11. Nc3 Be7 12. Ne4 b6 13. Bd3 Bb7 14. h4 Nb4 15. Bb1 a5 16. d4 Rc8 17. Ned2 g6 18. Ng5 Bxg2 19. Rg1 Bb7 20. d5 Qc7 21. d6 Bxg5 22. Rxg5 Qc5 23. Be4 Bxe4 24. Nxe4 Nd3+ 0-1


[Site "https://www.chess.com"]

[Event "Titled Tuesday Blitz March 14 Late 2023"]
[White "Bruedigam, Martin"]
[Black "Bogaudinov, Rushan"]
[WhiteFideId "24608033"]
[BlackFideId "4129288"]
[WhiteElo "2331"]
[BlackElo "1949"]
[Result "1-0"]
[Round "07"]
[TimeControl "180+2"]
[Date "2023.03.14"]
[WhiteClock "0:00:16"]
[BlackClock "0:00:01"]

1. d4 d5 2. c4 dxc4 3. Nf3 e6 4. e3 Nf6 5. Bxc4 c5 6. O-O a6 7. Qe2 b5 8. Bb3 Bb7 9. Rd1 Qc7 10. Nc3 c4 11. Bc2 b4 12. Nb1 Nbd7 13. e4 Be7 14. d5 e5 15. Bg5 Bd6 16. Nbd2 Rc8 17. Ba4 O-O 18. Bxd7 Nxd7 19. Rac1 c3 20. Nb3 f5 21. bxc3 fxe4 22. Qxe4 bxc3 23. Rd3 h6 24. Rdxc3 Qxc3 25. Rxc3 Rxc3 26. Bxh6 Nf6 27. Qg6 Rc7 28. h4 Bxd5 29. Be3 Be4 30. Qg5 Re8 31. h5 Kh7 32. Qh4 Rc4 33. Ng5+ Kg8 34. Nxe4 Rxe4 35. Qg5 Rg4 36. Qf5 e4 37. Bd4 Rf4 38. Qh3 Kf7 39. g3 Rf3 40. Bxf6 Rxf6 41. Qd7+ Re7 42. Qc6 e3 43. fxe3 Rxe3 44. Qd7+ Re7 45. Qg4 Re3 46. Qd7+ Kf8 47. Qc8+ Re8 48. Qxa6 Kg8 49. Qc4+ Kh8 50. Nd4 Re3 51. Nf5 Rxf5 52. Qc8+ Rf8 53. Qd7 Rxg3+ 54. Kh1 1-0


[Site "https://www.chess.com"]

[Event "Titled Tuesday Blitz March 14 Late 2023"]
[White "Vega Gutierrez, Sabrina"]
[Black "Gamage, Wanshini Vidusama"]
[WhiteFideId "2219026"]
[BlackFideId "9953752"]
[WhiteElo "2209"]
[BlackElo "2268"]
[Result "1-0"]
[Round "07"]
[TimeControl "180+2"]
[Date "2023.03.14"]
[WhiteClock "0:01:25"]
[BlackClock "0:00:46"]

1. e4 c5 2. Nf3 d6 3. d4 cxd4 4. Qxd4 Nf6 5. Nc3 Nc6 6. Bb5 Bd7 7. Bxc6 Bxc6 8. Bg5 e6 9. O-O-O Be7 10. Qd3 a6 11. Nd4 Bd7 12. f4 h6 13. Bh4 b5 14. e5 dxe5 15. fxe5 Nd5 16. Bxe7 Nxe7 17. Ne4 O-O 18. Qg3 Ng6 19. h4 Qc7 20. h5 Nxe5 21. Nf6+ Kh8 22. Nxd7 Rfc8 23. Nxe5 Kg8 24. c3 f6 25. Nxe6 Qxe5 26. Qxg7# 1-0


[Site "https://www.chess.com"]

[Event "Titled Tuesday Blitz March 14 Late 2023"]
[White "Tsyhanchuk, Stanislav"]
[Black "Luberanski, Jakub"]
[WhiteFideId "13505130"]
[BlackFideId "21830509"]
[WhiteElo "2173"]
[BlackElo "2256"]
[Result "1-0"]
[Round "07"]
[TimeControl "180+2"]
[Date "2023.03.14"]
[WhiteClock "0:00:26"]
[BlackClock "0:00:01"]

1. c4 c6 2. Nc3 d5 3. e3 Nf6 4. Nf3 Bg4 5. cxd5 cxd5 6. Qb3 Qb6 7. Nxd5 Qxb3 8. Nxf6+ exf6 9. axb3 Bxf3 10. gxf3 Nc6 11. Bd3 Bd6 12. O-O O-O-O 13. f4 g5 14. fxg5 Rhg8 15. h4 fxg5 16. Bxh7 Rg7 17. Bf5+ Kb8 18. h5 Rh8 19. Bg4 f5 20. Bxf5 Rxh5 21. d4 g4 22. Be4 g3 23. f4 Rh2 24. Bg2 Nb4 25. Bd2 Nd3 26. e4 Nxb2 27. e5 Bc7 28. Rf3 Bb6 29. Bc3 Rc7 30. Rxg3 Rxc3 31. Kxh2 Rc2 32. Rg8+ Kc7 33. Rg7+ Kd8 34. f5 Bxd4 35. Rxb7 Bxe5+ 36. Kh1 1-0


[Site "https://www.chess.com"]

[Event "Titled Tuesday Blitz March 14 Late 2023"]
[White "Dodaro, Mattia"]
[Black "Romero Ruscalleda, Josep"]
[WhiteFideId "28583400"]
[BlackFideId "2231859"]
[WhiteElo "2425"]
[BlackElo "2183"]
[Result "0-1"]
[Round "07"]
[TimeControl "180+2"]
[Date "2023.03.14"]
[WhiteClock "0:00:04"]
[BlackClock "0:00:14"]

1. b4 a5 2. b5 b6 3. e4 Bb7 4. d3 d6 5. Bb2 Nd7 6. f4 e5 7. Nf3 exf4 8. Be2 Ngf6 9. O-O Be7 10. Nbd2 O-O 11. Nd4 d5 12. Nf5 dxe4 13. dxe4 Bc5+ 14. Kh1 Be3 15. Bd3 Nc5 16. Nxg7 Bxe4 17. Nxe4 Ncxe4 18. Qf3 Ng5 19. Qc6 Kxg7 20. Rae1 Re8 21. h4 Re6 22. Qb7 Ne4 23. Rxe3 fxe3 24. Bxe4 Rb8 25. Qd5 Qxd5 26. Bxd5 e2 27. Re1 Rd6 28. Bf3 Rd1 29. Bc3 Rxe1+ 30. Bxe1 Re8 31. Kg1 Nd7 32. Kf2 Nc5 33. Bxe2 Ne4+ 34. Kg1 f5 35. Bd3 Kf6 36. Kf1 Nc5 37. Bc3+ Kg6 38. Bc4 Rd8 39. Be2 Ne4 40. Be1 Re8 41. Bd3 f4 42. Bc3 Kf5 43. Bd4 Kg4 44. Be2+ Kxh4 45. Bf3 Ng3+ 46. Kf2 Rd8 47. Bc3 Kg5 48. Bb2 Re8 49. Ba3 h5 50. Bb2 h4 51. c4 h3 52. gxh3 Rd8 53. Bg4 Rd2+ 54. Kf3 Rxb2 55. h4+ Kg6 56. Kxf4 Kh6 57. Kxg3 Rxa2 58. Be6 Ra3+ 59. Kf4 Rc3 60. Bf7 a4 61. Ke4 a3 62. c5 Rxc5 63. Kd4 Rxb5 64. h5 Rc5 65. Kd3 b5 66. Kd4 Rc4+ 67. Bxc4 bxc4 68. Kc3 c5 69. Kc2 Kxh5 70. Kc3 Kg5 71. Kxc4 a2 72. Kxc5 a1=Q 73. Kd6 Qb2 74. Ke7 Qc3 75. Kd6 Qd4+ 76. Kc6 Kf5 77. Kc7 Qd5 78. Kb6 Kf6 79. Kc7 Qe6 80. Kb7 Ke5 81. Kc7 Kd5 82. Kb7 Kc5 83. Kb8 Qe7 84. Kc8 Kb6 85. Kb8 Qd8# 0-1


[Site "https://www.chess.com"]

[Event "Titled Tuesday Blitz March 14 Late 2023"]
[White "Rego, Pedro Filipe"]
[Black "Jenkins, Drake"]
[WhiteFideId "1904310"]
[BlackFideId "2022397"]
[WhiteElo "2193"]
[BlackElo "2245"]
[Result "1-0"]
[Round "07"]
[TimeControl "180+2"]
[Date "2023.03.14"]
[WhiteClock "0:00:48"]
[BlackClock "0:00:01"]

1. d4 Nf6 2. Nf3 c5 3. d5 b5 4. a4 b4 5. Bf4 d6 6. e3 g6 7. Nbd2 Bg7 8. Nc4 O-O 9. h3 Ba6 10. Be2 Bb7 11. O-O Nxd5 12. Bh2 Nd7 13. a5 a6 14. Nfd2 N5f6 15. Bf3 d5 16. Ne5 Nxe5 17. Bxe5 Nd7 18. Bxg7 Kxg7 19. e4 Ne5 20. Re1 Nxf3+ 21. Qxf3 dxe4 22. Nxe4 f5 23. Qe3 Bxe4 24. Qxc5 Qd6 25. Qe3 Bxc2 26. h4 b3 27. h5 Qf6 28. Ra4 e5 29. Rb4 Rf7 30. Rb6 Qe7 31. Qc3 Re8 32. Re2 gxh5 33. Rd2 Rd8 34. Rxd8 Qxd8 35. Qxe5+ Kg8 36. Rb8 Rf8 37. Qe6+ Kg7 38. Rxd8 Rxd8 39. Qe7+ 1-0


[Site "https://www.chess.com"]

[Event "Titled Tuesday Blitz March 14 Late 2023"]
[White "Kovacs, Klara"]
[Black "Torres Dominguez, David"]
[WhiteFideId "733210"]
[BlackFideId "2220857"]
[WhiteElo "2179"]
[BlackElo "1999"]
[Result "1-0"]
[Round "07"]
[TimeControl "180+2"]
[Date "2023.03.14"]
[WhiteClock "0:00:37"]
[BlackClock "0:00:03"]

1. Nf3 d5 2. g3 Nc6 3. Bg2 e5 4. d3 Bg4 5. h3 Bf5 6. O-O Qd7 7. Kh2 h5 8. Nh4 Be6 9. e4 f6 10. Ng6 Rh7 11. Nxf8 Kxf8 12. Nc3 Nge7 13. f4 d4 14. Ne2 Ng8 15. fxe5 Nxe5 16. Nf4 g5 17. Nxe6+ Qxe6 18. Bxg5 Ke7 19. Bf4 Nh6 20. Bxh6 Rxh6 21. Rf5 Rah8 22. Qg1 Ng4+ 23. Kh1 Ne3 24. Rf3 h4 25. g4 Nxg4 26. Qxd4 Ne5 27. Rf5 Rg8 28. Raf1 Rhg6 29. R1f2 b6 30. b4 Qd6 31. Qxd6+ cxd6 32. Rh5 Nc6 33. Rxh4 Nd4 34. c3 Nb5 35. c4 Nc3 36. Rh7+ Ke6 37. h4 Nd1 38. Rd2 Ke5 39. Rh5+ Kd4 40. Rd5+ Kc3 41. Rxd1 Rxg2 42. c5 bxc5 43. bxc5 Rxa2 44. cxd6 Rgg2 45. Rc5+ Kb4 46. Rf5 Rh2+ 47. Kg1 Rag2+ 48. Kf1 Rc2 49. Kg1 Rcg2+ 50. Kf1 Rc2 51. Rb1+ Kc3 52. Rc5+ Kxd3 53. Rxc2 Kxc2 54. d7 1-0


[Site "https://www.chess.com"]

[Event "Titled Tuesday Blitz March 14 Late 2023"]
[White "Kostiukov, Alexandr"]
[Black "Hartikainen, Jarmo"]
[WhiteFideId "14108100"]
[BlackFideId "503134"]
[WhiteElo "2202"]
[BlackElo "2181"]
[Result "1-0"]
[Round "07"]
[TimeControl "180+2"]
[Date "2023.03.14"]
[WhiteClock "0:02:33"]
[BlackClock "0:01:17"]

1. g3 g6 2. Bg2 Bg7 3. Nf3 Nf6 4. c4 c5 5. O-O O-O 6. d4 d5 7. dxc5 dxc4 8. Qa4 Na6 9. Qxc4 Be6 10. Qh4 Nxc5 11. Nc3 Rc8 12. Bh6 b6 13. Ng5 Qd4 14. Qxd4 1-0


[Site "https://www.chess.com"]

[Event "Titled Tuesday Blitz March 14 Late 2023"]
[White "Comas Fabrego, Lluis"]
[Black "Skaric, Djuro"]
[WhiteFideId "2200325"]
[BlackFideId "934569"]
[WhiteElo "2523"]
[BlackElo "2282"]
[Result "0-1"]
[Round "07"]
[TimeControl "180+2"]
[Date "2023.03.14"]
[WhiteClock "0:00:01"]
[BlackClock "0:01:45"]

1. Nf3 d6 2. d4 g6 3. c4 Bg7 4. Nc3 Nf6 5. g3 O-O 6. Bg2 Nc6 7. O-O e5 8. d5 Ne7 9. c5 h6 10. cxd6 cxd6 11. e4 Ne8 12. a4 f5 13. Nd2 g5 14. Nc4 f4 15. f3 Rf7 16. b3 Bf8 17. Ba3 Ng6 18. Rc1 Rg7 19. a5 h5 20. a6 b6 21. Qd3 Bxa6 22. b4 Rc8 23. b5 Bb7 24. Na2 Rcc7 25. Nb4 Bc8 26. Nc6 Qf6 27. Bb2 g4 28. fxg4 Bxg4 29. Rf2 Qg5 30. Rcf1 fxg3 31. hxg3 Rcf7 32. Rxf7 Rxf7 33. Rxf7 Kxf7 34. Qe3 Qxe3+ 35. Nxe3 Bh6 36. Nxg4 hxg4 37. Nxa7 Be3+ 38. Kf1 Bc5 39. Nc6 Nc7 40. Ke2 Nxb5 41. Kd3 Nc7 42. Bf1 Kf6 43. Ke2 Ne7 44. Nxe7 Kxe7 45. Ke1 Kf6 46. Be2 Kg5 47. Bc1+ Kh5 48. Bd2 b5 49. Kf1 b4 50. Bc4 Ne8 51. Be1 Nf6 52. Bd3 b3 53. Ke2 Bd4 54. Kd1 b2 55. Kc2 Nd7 56. Bc3 Bf2 57. Bxb2 Bxg3 58. Ba3 Bf2 59. Bxd6 g3 60. Be2+ Kh4 61. Bf3 Kh3 62. Kd3 g2 63. Bxg2+ Kxg2 64. Kc4 Kf3 65. Kb5 Kxe4 66. Kc6 Nf6 67. Be7 Nxd5 68. Bf8 Nf6 69. Bg7 Kf5 70. Kb5 e4 71. Bh6 Nd5 72. Bc1 Be3 73. Bb2 Bd2 74. Bd4 Kf4 75. Kc4 Ne3+ 76. Kb3 Nf5 77. Bg1 Be3 78. Bh2+ Kf3 79. Kc2 Bf4 80. Bg1 Ng3 81. Bc5 Ne2 82. Kd1 Be3 0-1


[Site "https://www.chess.com"]

[Event "Titled Tuesday Blitz March 14 Late 2023"]
[White "Djordjevic, Dejan N"]
[Black "Sarkar, Justin"]
[WhiteFideId "913316"]
[BlackFideId "2010011"]
[WhiteElo "2261"]
[BlackElo "2189"]
[Result "1-0"]
[Round "07"]
[TimeControl "180+2"]
[Date "2023.03.14"]
[WhiteClock "0:00:11"]
[BlackClock "0:00:11"]

1. e4 e5 2. Nf3 Nc6 3. Bc4 Nf6 4. d3 Bc5 5. O-O d6 6. Re1 Ng4 7. Re2 Nd4 8. Nxd4 Bxd4 9. c3 Qh4 10. h3 Nxf2 11. Rxf2 Bxf2+ 12. Kf1 Bg3 13. Qf3 O-O 14. Kg1 Kh8 15. Nd2 Bf4 16. Nf1 Bxc1 17. Rxc1 Be6 18. Bb3 Qf4 19. Qxf4 exf4 20. Re1 a5 21. e5 Bxb3 22. axb3 Rfe8 23. d4 dxe5 24. dxe5 Rad8 25. Kf2 Rd5 26. Kf3 Rexe5 27. Rxe5 Rxe5 28. h4 h6 29. Nd2 g5 30. hxg5 hxg5 31. Nc4 Rc5 32. Kg4 a4 33. Nd2 axb3 34. Nxb3 Rb5 35. Nd4 1-0


[Site "https://www.chess.com"]

[Event "Titled Tuesday Blitz March 14 Late 2023"]
[White "tandercat"]
[Black "Allansdottir, Rakel Elaisa"]
[BlackFideId "2323974"]
[WhiteElo "1938"]
[BlackElo "2302"]
[Result "0-1"]
[Round "07"]
[TimeControl "180+2"]
[Date "2023.03.14"]
[WhiteClock "0:01:38"]
[BlackClock "0:01:47"]

1. d4 c5 2. d5 e5 3. c4 d6 4. e4 g6 5. Nc3 Bg7 6. g3 Ne7 7. Bg2 O-O 8. Nge2 a6 9. a4 Nd7 10. O-O f5 11. Rb1 Nf6 12. Bg5 h6 13. Bxf6 Bxf6 14. f4 Kg7 15. b4 cxb4 16. Rxb4 Qc7 17. Qd3 Qc5+ 18. Kh1 Qxb4 19. Rb1 Qc5 0-1


[Site "https://www.chess.com"]

[Event "Titled Tuesday Blitz March 14 Late 2023"]
[White "Perske, Thore"]
[Black "Vargas Pereda, Jesus Manue"]
[WhiteFideId "12902195"]
[BlackFideId "5115710"]
[WhiteElo "2336"]
[BlackElo "1914"]
[Result "1-0"]
[Round "07"]
[TimeControl "180+2"]
[Date "2023.03.14"]
[WhiteClock "0:01:54"]
[BlackClock "0:00:36"]

1. e4 d5 2. exd5 Qxd5 3. Nc3 Qd6 4. Nf3 Nf6 5. g3 a6 6. Bg2 c6 7. d4 Bg4 8. O-O e6 9. h3 Bh5 10. Bf4 Qb4 11. a3 Qxb2 12. Na4 Qb5 13. c4 Qa5 14. Bd2 Qc7 15. g4 Bg6 16. c5 Nd5 17. Ne5 Be7 18. f4 f6 19. Nxg6 hxg6 20. Qe2 Kf7 21. Rae1 Qd7 22. Bxd5 Qxd5 23. Nb6 Qxd4+ 24. Kg2 e5 25. fxe5 Bxc5 26. exf6 Nd7 27. Qe6+ Kf8 28. Nxd7+ 1-0


[Site "https://www.chess.com"]

[Event "Titled Tuesday Blitz March 14 Late 2023"]
[White "Antonio, Jorge Carlos"]
[Black "Saravana, Krishnan P."]
[WhiteFideId "113190"]
[BlackFideId "5018382"]
[WhiteElo "2247"]
[BlackElo "2189"]
[Result "0-1"]
[Round "07"]
[TimeControl "180+2"]
[Date "2023.03.14"]
[WhiteClock "0:00:13"]
[BlackClock "0:00:19"]

1. d4 d5 2. Nf3 Nf6 3. Bf4 g6 4. e3 Bg7 5. Bd3 O-O 6. Be5 c5 7. c3 Nc6 8. O-O Bg4 9. Bg3 Nd7 10. Nbd2 e5 11. dxe5 Ndxe5 12. Be2 Nxf3+ 13. Nxf3 Be6 14. Qc2 Rc8 15. Rad1 Qa5 16. a3 d4 17. exd4 cxd4 18. c4 Qb6 19. Bd3 Na5 20. Nd2 Nc6 21. b4 Ne5 22. c5 Qc6 23. Ne4 Nxd3 24. Qxd3 Bf5 25. f3 Rfe8 26. Rfe1 Re6 27. Bd6 b5 28. g4 Bxe4 29. Rxe4 Rce8 30. Rxe6 Rxe6 31. Kg2 Re3 32. Qf1 Qe8 33. Bg3 Re2+ 34. Bf2 f5 35. gxf5 gxf5 36. Kh1 f4 37. Qg1 Qh5 38. Qg2 Kf7 39. Rg1 Bf6 40. Qg8+ Ke7 41. Qg2 d3 42. Re1 Qe5 43. Rxe2 dxe2 44. Be1 Qe3 45. Qf2 Qxf2 46. Bxf2 Bc3 47. Kg2 e1=Q 48. Bxe1 Bxe1 49. Kh3 Bc3 50. Kg4 Bb2 51. Kxf4 Bxa3 52. Ke4 Bxb4 53. Kd5 a5 54. c6 Bd6 0-1


[Site "https://www.chess.com"]

[Event "Titled Tuesday Blitz March 14 Late 2023"]
[White "Eliteplayer3"]
[Black "Elissalt Cardenas, Hector"]
[BlackFideId "3500632"]
[WhiteElo "2086"]
[BlackElo "2202"]
[Result "1-0"]
[Round "07"]
[TimeControl "180+2"]
[Date "2023.03.14"]
[WhiteClock "0:00:06"]
[BlackClock "0:00:01"]

1. Nf3 Nf6 2. b3 c5 3. Bb2 d6 4. e3 e5 5. d4 e4 6. Nfd2 cxd4 7. Bxd4 Nc6 8. Bb2 d5 9. c4 Be6 10. cxd5 Bxd5 11. Nc3 Bb4 12. Qc2 Rc8 13. Bc4 O-O 14. O-O Ne5 15. a3 Bxc4 16. bxc4 Bxc3 17. Bxc3 Nxc4 18. Nxe4 Nxe4 19. Qxe4 Qd7 20. Rfd1 Qc6 21. Qg4 f6 22. Bd4 b6 23. Rac1 Rfd8 24. Rc3 a6 25. Rdc1 b5 26. a4 Re8 27. h3 Kh8 28. axb5 axb5 29. Rb3 Qd5 30. Rb4 h5 31. Qh4 Rcd8 32. Rcb1 Rb8 33. g4 Rb7 34. Qxh5+ Qxh5 35. gxh5 Reb8 36. h6 Kh7 37. hxg7 Kxg7 38. Kh2 Kf7 39. Rg1 Ke6 40. Rg6 Nd2 41. Rxf6+ Kd5 42. Rf5+ Ke4 43. Re5+ Kd3 44. Kg3 Rg7+ 45. Kf4 Rf8+ 46. Rf5 Rxf5+ 47. Kxf5 Rf7+ 48. Ke6 Rxf2 49. Rxb5 Rh2 50. Rh5 Nf3 51. Kf5 Nxd4+ 52. exd4 Kxd4 53. h4 Kd5 54. Rh8 Rf2+ 55. Kg6 Ke6 56. Re8+ Kd7 57. Re5 Rg2+ 58. Rg5 Rh2 59. h5 Ke7 60. Kg7 Rf2 61. h6 Rf7+ 62. Kg8 Rf8+ 63. Kh7 Kf7 64. Rg1 1-0


[Site "https://www.chess.com"]

[Event "Titled Tuesday Blitz March 14 Late 2023"]
[White "Clawitter, Craig"]
[Black "lisjakzlatko1"]
[WhiteFideId "2023105"]
[WhiteElo "2233"]
[BlackElo "2147"]
[Result "1-0"]
[Round "07"]
[TimeControl "180+2"]
[Date "2023.03.14"]
[WhiteClock "0:00:07"]
[BlackClock "0:00:02"]

1. e4 d6 2. d4 Nf6 3. Nc3 c6 4. f4 Qa5 5. e5 Ne4 6. Qf3 d5 7. Bd3 Na6 8. Ne2 Nb4 9. O-O Nxd3 10. cxd3 Nxc3 11. bxc3 e6 12. Bd2 Qa6 13. Ng3 g6 14. h4 h5 15. Rfc1 Be7 16. f5 Bxh4 17. fxg6 fxg6 18. Rf1 Bd7 19. Qf7+ Kd8 20. Qxg6 Kc7 21. Nxh5 Rag8 22. Ng7 b6 23. Rf7 Qc8 24. Qxe6 Rh7 25. Qd6+ Kb7 26. Rxd7+ Ka8 27. Bh6 Rxh6 28. Qxh6 Qxd7 29. Qxh4 Qxg7 30. Qf2 Qg6 31. Rd1 Qg4 32. Rd2 Rh8 33. Qe3 Qh4 34. Kf1 Qh1+ 35. Qg1 Qh6 36. Rf2 Qc1+ 37. Ke2 Qxc3 38. Qf1 Qxd4 39. Rf8+ Rxf8 40. Qxf8+ Kb7 41. Qe7+ Ka6 42. Qa3+ Kb7 43. Qe7+ Ka6 44. e6 Qe5+ 45. Kf2 Qf4+ 46. Kg1 Qe3+ 47. Kh1 Qe1+ 48. Kh2 Qh4+ 49. Qxh4 c5 50. e7 Ka5 51. e8=Q 1-0


[Site "https://www.chess.com"]

[Event "Titled Tuesday Blitz March 14 Late 2023"]
[White "Tarnowska, Aleksandra"]
[Black "Floresvillar Gonzalez, Luis Migu"]
[WhiteFideId "1180967"]
[BlackFideId "5100542"]
[WhiteElo "1776"]
[BlackElo "2040"]
[Result "1-0"]
[Round "07"]
[TimeControl "180+2"]
[Date "2023.03.14"]
[WhiteClock "0:00:13"]
[BlackClock "0:00:01"]

1. e4 d6 2. d4 Nf6 3. Nc3 g6 4. Be3 Bg7 5. Qd2 Nc6 6. f3 e5 7. Nge2 exd4 8. Nxd4 Nxd4 9. Bxd4 Be6 10. h4 h5 11. Be2 Qe7 12. O-O-O Bh6 13. Be3 Bxe3 14. Qxe3 c5 15. Nb5 O-O 16. Nxd6 Bxa2 17. Qxc5 Be6 18. e5 Nd7 19. Qe3 Nb6 20. Bd3 Nd5 21. Qh6 Nb4 22. Ne4 Nxd3+ 23. Rxd3 f5 24. Nf6+ Rxf6 25. exf6 Qxf6 26. Re1 Bf7 27. Qg5 Qa6 28. Rd8+ Rxd8 29. Qxd8+ Kg7 30. Qd4+ Kg8 31. b3 Qa3+ 32. Kd2 Qa5+ 33. Qc3 Qd5+ 34. Kc1 Qd6 35. Kb2 Qg3 36. Re2 Qxh4 37. Rd2 Qg5 38. Qc8+ Kg7 39. Qc3+ Kg8 40. Rd7 b6 41. Rxa7 Qxg2 42. Qc8+ Kg7 43. Qc3+ Kg8 44. Ra8+ 1-0


[Site "https://www.chess.com"]

[Event "Titled Tuesday Blitz March 14 Late 2023"]
[White "Simonovic, Miroslav"]
[Black "Souza, Gustavo Horokoski De"]
[WhiteFideId "919152"]
[BlackFideId "2146584"]
[WhiteElo "2042"]
[BlackElo "1859"]
[Result "1-0"]
[Round "07"]
[TimeControl "180+2"]
[Date "2023.03.14"]
[WhiteClock "0:01:17"]
[BlackClock "0:00:10"]

1. d4 Nf6 2. Bg5 g6 3. Bxf6 exf6 4. c4 Bg7 5. Nc3 O-O 6. g3 f5 7. e3 Nc6 8. Bg2 Ne7 9. Nge2 c6 10. O-O d5 11. cxd5 Nxd5 12. Nxd5 cxd5 13. Nc3 Be6 14. Qb3 b6 15. Bxd5 Bxd5 16. Qxd5 Qe7 17. a3 Rfd8 18. Qf3 Rac8 19. Rfc1 Rd7 20. Nd5 Rxc1+ 21. Rxc1 Qd8 22. Nf4 Rc7 23. Qd1 Rxc1 24. Qxc1 g5 25. Nh5 Bf8 26. Qc6 Be7 27. Kg2 f6 28. h3 Kf7 29. Qc4+ Kg6 30. g4 Qa8+ 31. d5 Qd8 32. Qd3 Qd7 33. Ng3 a5 34. Qxf5+ Qxf5 35. Nxf5 Bc5 36. a4 Kf7 37. Kf3 Ke8 38. Ke4 Kd7 39. f4 b5 40. axb5 a4 41. Nd4 Bb4 42. fxg5 fxg5 43. Nc2 Bc5 44. Na3 Bb6 45. Nc4 Bc5 46. Kf5 Bb4 47. Kxg5 Kc7 48. Kh6 Kb7 49. Kxh7 1-0


[Site "https://www.chess.com"]